IL
LAS VEGAS 51S @ OKLAHOMA CITY DODGERS
07/07/2044
 
TOP OF THE 1ST
Las Vegas 51s batting - Pitching for Oklahoma City Dodgers : LHP Joel Beery
Pitching: LHP Joel Beery
Batting: RHB Jordan Martin 0-0: Ball
1-0: Swinging Strike
1-1: Ball
2-1: Foul Ball, location: 2F
2-2: Fly out, F6 (Popup, 6, EV 74.4 MPH)
Batting: LHB Sal Fernandez 0-0: Called Strike
0-1: Ball
1-1: Called Strike
1-2: Strikes out swinging
Batting: LHB Helge Jivotovsky 0-0: Ball
1-0: Fly out, F5 (Line Drive, 5, EV 68.8 MPH)
Top of the 1st over - 0 runs, 0 hits, 0 errors, 0 left on base; Las Vegas 0 - Oklahoma City 0
BOTTOM OF THE 1ST
Oklahoma City Dodgers batting - Pitching for Las Vegas 51s : RHP Ryan Stegall
Pitching: RHP Ryan Stegall
Batting: RHB Justin Anastasio 0-0: Foul Ball, location: 2F
0-1: Ball
1-1: Foul Ball, location: 2F
1-2: Ball
2-2: Strikes out looking
Batting: LHB Alex Ramos 0-0: Called Strike
0-1: Called Strike
0-2: Foul Ball, location: 2F
0-2: Ball
1-2: Foul Ball, location: 2F
1-2: Foul Ball, location: 2F
1-2: Ball
2-2: SINGLE (Popup, 4D, EV 49.4 MPH)
Batting: LHB James Betron 0-0: Ball
Pickoff Throw to First - Out! 1-3
1-0: Ball
2-0: Ball
3-0: Base on Balls
Batting: RHB John Manocchio 0-0: Ball
James Betron steals 2nd base
1-0: Ball
2-0: Foul Ball, location: 2F
2-1: Fly out, F5 (Line Drive, 5, EV 65.0 MPH)
Bottom of the 1st over - 0 runs, 1 hit, 0 errors, 1 left on base; Las Vegas 0 - Oklahoma City 0
TOP OF THE 2ND
Las Vegas 51s batting - Pitching for Oklahoma City Dodgers : LHP Joel Beery
Batting: SHB Roberto Magne 0-0: Ball
1-0: Foul Ball, location: 2F
1-1: Fly out, F8 (Line Drive, 8LM, EV 100.0 MPH)
Batting: RHB Steven Romanovsky 0-0: Ball
1-0: Swinging Strike
1-1: Ball
2-1: Ball
3-1: Base on Balls
Batting: SHB Josh Schultze 0-0: Swinging Strike
0-1: Grounds into double play, 6-4-3 (Groundball, 6, EV 110.6 MPH)
Top of the 2nd over - 0 runs, 0 hits, 0 errors, 0 left on base; Las Vegas 0 - Oklahoma City 0
BOTTOM OF THE 2ND
Oklahoma City Dodgers batting - Pitching for Las Vegas 51s : RHP Ryan Stegall
Batting: RHB Armando Galindo 0-0: Ball
1-0: Ball
2-0: Called Strike
2-1: Foul Ball, location: 2F
2-2: Ball
3-2: Fly out, F9 (Flyball, 9LS, EV 91.3 MPH)
Batting: RHB John Hazen 0-0: Fly out, F6 (Popup, P, EV 78.1 MPH)
Batting: RHB Tim Adams 0-0: Ground out 4-3 (Groundball, 4MD, EV 93.1 MPH)
Bottom of the 2nd over - 0 runs, 0 hits, 0 errors, 0 left on base; Las Vegas 0 - Oklahoma City 0
TOP OF THE 3RD
Las Vegas 51s batting - Pitching for Oklahoma City Dodgers : LHP Joel Beery
Batting: SHB Billy Encinias 0-0: Ball
1-0: SINGLE (Groundball, 25, EV 70.6 MPH) (infield hit)
Batting: RHB Leon Edwards 0-0: Foul Ball, location: 2F
0-1: Ball
1-1: Swinging Strike
1-2: Ball
2-2: Foul Ball, location: 2F
2-2: Ball
3-2: Strikes out swinging
Billy Encinias steals 2nd, throwing error, E2
Billy Encinias to third
Batting: RHB Yoshiro Higuchi 0-0: SINGLE (Groundball, 6MD, EV 108.8 MPH)
Billy Encinias scores
Batting: RHB Jordan Martin 0-0: Ball
1-0: Foul Ball, location: 2F
1-1: Swinging Strike
1-2: Ball
Yoshiro Higuchi steals 2nd base
2-2: Foul Ball, location: 2F
2-2: Foul Ball, location: 2F
2-2: Ball
3-2: Strikes out swinging
Batting: LHB Sal Fernandez 0-0: Ball
1-0: Foul Ball, location: 2F
1-1: DOUBLE (Line Drive, 7LM, EV 108.8 MPH)
Yoshiro Higuchi scores
Batting: LHB Helge Jivotovsky 0-0: Foul Ball, location: 2F
0-1: Foul Ball, location: 2F
0-2: Ball
1-2: Fly out, F8 (Flyball, 8RM, EV 86.3 MPH)
Top of the 3rd over - 2 runs, 3 hits, 1 error, 1 left on base; Las Vegas 2 - Oklahoma City 0
BOTTOM OF THE 3RD
Oklahoma City Dodgers batting - Pitching for Las Vegas 51s : RHP Ryan Stegall
Batting: RHB Terry Jarrells 0-0: Ball
1-0: Ball
2-0: Called Strike
2-1: SOLO HOME RUN (Flyball, 9D, EV 96.9 MPH), Distance : 379 ft
Batting: RHB Matt Robert 0-0: Called Strike
0-1: Ball
1-1: Swinging Strike
1-2: Foul Ball, location: 2F
1-2: Strikes out swinging
Batting: RHB Justin Anastasio 0-0: SINGLE (Groundball, 5S, EV 61.3 MPH) (infield hit)
Batting: LHB Alex Ramos 0-0: Called Strike
Justin Anastasio steals 2nd base
0-1: Ball
1-1: Swinging Strike
1-2: Fly out, F9 (Flyball, 9D, EV 100.6 MPH)
Runner from 2nd tags up, SAFE at 3rd, no throw by RF
Batting: LHB James Betron 0-0: Ball
1-0: Ball
2-0: Called Strike
2-1: Ground out 1-3 (Groundball, 13S, EV 72.5 MPH)
Bottom of the 3rd over - 1 run, 2 hits, 0 errors, 1 left on base; Las Vegas 2 - Oklahoma City 1
TOP OF THE 4TH
Las Vegas 51s batting - Pitching for Oklahoma City Dodgers : LHP Joel Beery
Batting: SHB Roberto Magne 0-0: Ball
1-0: Reached on error, E6 (Groundball, 6, EV 76.9 MPH)
Batting: RHB Steven Romanovsky 0-0: Called Strike
0-1: Ball
1-1: Ball
2-1: Swinging Strike
2-2: Ball
3-2: Base on Balls
Roberto Magne to second
Pitching: RHP Jim Ruleman
Batting: SHB Josh Schultze 0-0: Grounds into double play, 6-4-3 (Groundball, 6, EV 100.6 MPH)
Roberto Magne to third
Batting: SHB Billy Encinias 0-0: Called Strike
0-1: Swinging Strike
0-2: Ball
1-2: Foul Ball, location: 2F
1-2: Ground out 1-3 (Groundball, 34S, EV 70.6 MPH)
Top of the 4th over - 0 runs, 0 hits, 1 error, 1 left on base; Las Vegas 2 - Oklahoma City 1
BOTTOM OF THE 4TH
Oklahoma City Dodgers batting - Pitching for Las Vegas 51s : RHP Ryan Stegall
Batting: RHB John Manocchio 0-0: Ball
1-0: Foul Ball, location: 2F
1-1: Swinging Strike
1-2: Strikes out swinging
Batting: RHB Armando Galindo 0-0: Called Strike
0-1: Foul Ball, location: 2F
0-2: Ball
1-2: Foul Ball, location: 2F
1-2: SINGLE (Groundball, 6M, EV 105.0 MPH)
Batting: RHB John Hazen 0-0: Ball
1-0: Called Strike
1-1: Foul Ball, location: 2F
1-2: Foul Ball, location: 2F
1-2: Strikes out swinging
Batting: RHB Tim Adams 0-0: Ball
Armando Galindo steals 2nd base (no throw)
1-0: Called Strike
1-1: Ball
2-1: Ground out 5-3 (Groundball, 5, EV 102.5 MPH)
Bottom of the 4th over - 0 runs, 1 hit, 0 errors, 1 left on base; Las Vegas 2 - Oklahoma City 1
TOP OF THE 5TH
Las Vegas 51s batting - Pitching for Oklahoma City Dodgers : RHP Jim Ruleman
Batting: RHB Leon Edwards 0-0: Ball
1-0: Fly out, F4 (Line Drive, 4, EV 69.4 MPH)
Batting: RHB Yoshiro Higuchi 0-0: Ground out 2-3 (Groundball, 2L, EV 65.0 MPH)
Batting: RHB Jordan Martin 0-0: Called Strike
0-1: Ball
1-1: Foul Ball, location: 2F
1-2: Foul Ball, location: 2F
1-2: Strikes out swinging
Top of the 5th over - 0 runs, 0 hits, 0 errors, 0 left on base; Las Vegas 2 - Oklahoma City 1
BOTTOM OF THE 5TH
Oklahoma City Dodgers batting - Pitching for Las Vegas 51s : RHP Ryan Stegall
Batting: RHB Terry Jarrells 0-0: Called Strike
0-1: Ball
1-1: Ground out 4-3 (Groundball, 4, EV 95.0 MPH)
Batting: RHB Matt Robert 0-0: SINGLE (Groundball, 4MS, EV 68.8 MPH) (infield hit)
Batting: RHB Justin Anastasio 0-0: Called Strike
0-1: Ball
Matt Robert is caught stealing 2nd base 2-4
1-1: Ball
2-1: Ball
3-1: Called Strike
3-2: Foul Ball, location: 2F
3-2: Foul Ball, location: 2F
3-2: Fly out, F8 (Flyball, 78M, EV 82.5 MPH)
Bottom of the 5th over - 0 runs, 1 hit, 0 errors, 0 left on base; Las Vegas 2 - Oklahoma City 1
TOP OF THE 6TH
Las Vegas 51s batting - Pitching for Oklahoma City Dodgers : RHP Jim Ruleman
Batting: LHB Sal Fernandez 0-0: Ball
1-0: Ball
2-0: Foul Ball, location: 2F
2-1: SINGLE (Groundball, 4MD, EV 98.8 MPH)
Batting: LHB Helge Jivotovsky 0-0: Ball
Sal Fernandez steals 2nd base
1-0: Swinging Strike
1-1: Foul Ball, location: 2F
1-2: Ground out 1-3 (Groundball, 34S, EV 70.0 MPH)
Sal Fernandez to third
Batting: SHB Roberto Magne 0-0: Called Strike
0-1: Ball
1-1: Foul Ball, location: 2F
1-2: SINGLE (Groundball, 6M, EV 105.0 MPH)
Sal Fernandez scores
Batting: RHB Steven Romanovsky Pickoff Throw to First - Out! 1-3
0-0: Ground out 6-3 (Groundball, P, EV 81.3 MPH)
Top of the 6th over - 1 run, 2 hits, 0 errors, 0 left on base; Las Vegas 3 - Oklahoma City 1
BOTTOM OF THE 6TH
Oklahoma City Dodgers batting - Pitching for Las Vegas 51s : RHP Ryan Stegall
Batting: LHB Alex Ramos 0-0: Fly out, F9 (Flyball, 89M, EV 95.0 MPH)
Batting: LHB James Betron 0-0: Called Strike
0-1: Ball
1-1: Ball
2-1: Ground out 4-3 (Groundball, 4, EV 83.8 MPH)
Batting: RHB John Manocchio 0-0: Ball
1-0: Fly out, F6 (Popup, P, EV 83.1 MPH)
Bottom of the 6th over - 0 runs, 0 hits, 0 errors, 0 left on base; Las Vegas 3 - Oklahoma City 1
TOP OF THE 7TH
Las Vegas 51s batting - Pitching for Oklahoma City Dodgers : RHP Jim Ruleman
Batting: SHB Josh Schultze 0-0: Ball
1-0: Called Strike
1-1: Swinging Strike
1-2: Strikes out swinging
Batting: SHB Billy Encinias 0-0: Ball
1-0: Ball
2-0: Foul Ball, location: 2F
2-1: DOUBLE (Line Drive, 78M, EV 108.1 MPH)
Batting: RHB Leon Edwards 0-0: Swinging Strike
0-1: Ball
1-1: Ball
2-1: Foul Ball, location: 2F
2-2: Ball
3-2: SINGLE (Line Drive, 9S, EV 105.0 MPH)
Billy Encinias to third
Batting: RHB Yoshiro Higuchi 0-0: Ball
1-0: Called Strike
1-1: Ball
2-1: Ball
3-1: Base on Balls
Leon Edwards to second
Pitching: RHP Josh Thorne
Batting: RHB Jordan Martin 0-0: Ball
1-0: Foul Ball, location: 2F
1-1: Called Strike
1-2: SINGLE (Groundball, 4D, EV 105.0 MPH)
Billy Encinias scores
Leon Edwards to third
Yoshiro Higuchi to second
Runner from 3rd tries for Home, SAFE, throw by CF to home
Batting: LHB Sal Fernandez 0-0: Called Strike
0-1: Foul Ball, location: 2F
0-2: Ball
1-2: Foul Ball, location: 2F
1-2: Ball
2-2: Ball
3-2: Fielders Choice at 2nd, 1-6 (Groundball, 34S, EV 71.9 MPH)
Yoshiro Higuchi to third
Batting: LHB Helge Jivotovsky 0-0: Foul Ball, location: 2F
0-1: Foul Ball, location: 2F
0-2: Fly out, F6 (Line Drive, 6, EV 71.3 MPH)
Top of the 7th over - 2 runs, 3 hits, 0 errors, 2 left on base; Las Vegas 5 - Oklahoma City 1
BOTTOM OF THE 7TH
Oklahoma City Dodgers batting - Pitching for Las Vegas 51s : RHP Ryan Stegall
Batting: RHB Armando Galindo 0-0: Called Strike
0-1: Ball
1-1: Called Strike
1-2: SINGLE (Groundball, 6MD, EV 110.6 MPH)
Batting: RHB John Hazen 0-0: Ball
1-0: Ball
2-0: Foul Ball, location: 2F
2-1: Grounds into double play, 5-4-3 (Groundball, 56, EV 104.4 MPH)
Batting: RHB Tim Adams 0-0: Ground out 4-3 (Groundball, 4, EV 80.0 MPH)
Bottom of the 7th over - 0 runs, 1 hit, 0 errors, 0 left on base; Las Vegas 5 - Oklahoma City 1
TOP OF THE 8TH
Las Vegas 51s batting - Pitching for Oklahoma City Dodgers : RHP Josh Thorne
Batting: SHB Roberto Magne 0-0: Ball
1-0: Fly out, F8 (Flyball, 8LM, EV 80.0 MPH)
Batting: RHB Steven Romanovsky 0-0: Ball
1-0: Foul Ball, location: 2F
1-1: Swinging Strike
1-2: SINGLE (Groundball, 56D, EV 99.4 MPH)
Batting: SHB Josh Schultze 0-0: Ball
1-0: Ball
2-0: SINGLE (Line Drive, 7S, EV 88.8 MPH)
Steven Romanovsky to second
Batting: SHB Billy Encinias 0-0: Ball
1-0: Called Strike
1-1: Fly out, F4 (Popup, 4, EV 73.8 MPH)
Batting: RHB Leon Edwards 0-0: Called Strike
0-1: Ball
1-1: Ball
2-1: Ball
3-1: Base on Balls
Steven Romanovsky to third
Josh Schultze to second
Batting: RHB Yoshiro Higuchi 0-0: Foul Ball, location: 2F
0-1: Fielders Choice at 2nd, 6-4 (Groundball, 6, EV 106.3 MPH)
Top of the 8th over - 0 runs, 2 hits, 0 errors, 3 left on base; Las Vegas 5 - Oklahoma City 1
BOTTOM OF THE 8TH
Oklahoma City Dodgers batting - Pitching for Las Vegas 51s : RHP Ryan Stegall
Batting: RHB Terry Jarrells 0-0: Ball
1-0: Fly out, F8 (Flyball, 8LXD, EV 98.1 MPH)
Batting: RHB Matt Robert 0-0: Ball
1-0: Ball
2-0: Called Strike
2-1: Ball
3-1: Foul Ball, location: 2F
3-2: Fly out, F4 (Popup, 3D, EV 62.5 MPH)
Batting: RHB Justin Anastasio 0-0: Ball
1-0: Fly out, F8 (Flyball, 8LD, EV 93.1 MPH)
Bottom of the 8th over - 0 runs, 0 hits, 0 errors, 0 left on base; Las Vegas 5 - Oklahoma City 1
TOP OF THE 9TH
Las Vegas 51s batting - Pitching for Oklahoma City Dodgers : RHP Josh Thorne
Pitching: RHP Jake Milligan
Batting: RHB Jordan Martin 0-0: Ball
1-0: Foul Ball, location: 2F
1-1: Ball
2-1: Called Strike
2-2: SINGLE (Line Drive, 8RM, EV 105.0 MPH)
Batting: LHB Sal Fernandez 0-0: Ball
1-0: Bunted foul
1-1: Bunted foul
1-2: Ball
2-2: Foul Ball, location: 2F
2-2: Ball
3-2: Base on Balls
Jordan Martin to second
Batting: LHB Helge Jivotovsky 0-0: Called Strike
0-1: Ball
1-1: Ball
2-1: Ball
3-1: Base on Balls
Jordan Martin to third
Sal Fernandez to second
Batting: SHB Roberto Magne 0-0: Foul Ball, location: 2F
0-1: Ball
1-1: Foul Ball, location: 2F
1-2: Ball
2-2: Fly out, F9 (Flyball, 9S, EV 91.9 MPH)
Batting: RHB Steven Romanovsky 0-0: Called Strike
0-1: Foul Ball, location: 2F
0-2: Foul Ball, location: 2F
0-2: Ball
1-2: Ball
2-2: Ball
3-2: Strikes out swinging
Batting: SHB Josh Schultze 0-0: Ball
1-0: Ball
2-0: Foul Ball, location: 2F
2-1: Called Strike
2-2: Strikes out swinging
Top of the 9th over - 0 runs, 1 hit, 0 errors, 3 left on base; Las Vegas 5 - Oklahoma City 1
BOTTOM OF THE 9TH
Oklahoma City Dodgers batting - Pitching for Las Vegas 51s : RHP Ryan Stegall
Batting: LHB Alex Ramos 0-0: Ball
1-0: Swinging Strike
1-1: SINGLE (Groundball, 34S, EV 65.6 MPH) (infield hit)
Pitching: RHP Javier Perez
Batting: LHB James Betron 0-0: Ball
1-0: Ball
2-0: Foul Ball, location: 2F
2-1: Ball
3-1: Foul Ball, location: 2F
3-2: Base on Balls
Alex Ramos to second
Pitching: RHP Ben Dicks
Batting: RHB John Manocchio 0-0: Ball
1-0: Ball
2-0: Foul Ball, location: 2F
2-1: Ball
3-1: SINGLE (Line Drive, 8RS, EV 100.6 MPH)
Alex Ramos to third
James Betron to second
Batting: RHB Armando Galindo 0-0: Fly out, F8 (Flyball, 8RD, EV 104.4 MPH)
Runner from 3rd tags up, SCORES, no throw by CF
Batting: RHB John Hazen 0-0: Foul Ball, location: 2F
0-1: Ball
1-1: Swinging Strike
1-2: SINGLE (Groundball, 6D, EV 98.8 MPH)
James Betron to third
John Manocchio to second
Batting: RHB Tim Adams 0-0: Foul Ball, location: 2F
0-1: Fielders Choice at 2nd, 6-4 (Groundball, 6, EV 83.1 MPH)
James Betron scores
John Manocchio to third
Batting: RHB Terry Jarrells 0-0: Ball
1-0: Ball
2-0: Fly out, F6 (Flyball, 6D, EV 88.8 MPH)
Bottom of the 9th over - 2 runs, 3 hits, 0 errors, 2 left on base; Las Vegas 5 - Oklahoma City 3
Thursday, March 31st , 2022 - OOTP Baseball 22.12 Build 89